 Dungeon Crawl Stone Soup version 0.29-a0-887-gcbe080d7e0 (webtiles) character file.

Game seed: 2218096181336791542

93 kevlar127 the Ruffian (level 4, -2/45 HPs)
             Began as a Troll Berserker on July 21, 2022.
             Was a Believer of Trog.
             Killed from afar by Sigmund (17 damage)
             ... with a bolt of dispelling energy
             ... on level 2 of the Dungeon.
             The game lasted 00:02:13 (1588 turns).

kevlar127 the Ruffian (Troll Berserker)             Turns: 1588, Time: 00:02:14

Health: -2/45      AC:  4    Str: 27    XL:     4   Next: 37%
Magic:  3/3        EV: 10    Int:  3    God:    Trog [**....]
Gold:   83         SH:  0    Dex:  9    Spells: 3/3 levels left

rFire   . . .      SeeInvis .     - Unarmed
rCold   . . .      Faith    .   (no shield)
rNeg    . . .      Spirit   .   a - +0 animal skin
rPois   .          Reflect  .   (helmet restricted)
rElec   .          Harm     .   (no cloak)
rCorr   .          Rampage  .   (gloves unavailable)
Will    .....                   (boots unavailable)
Stlth   +.........              (no amulet)
HPRegen 0.95/turn               (no ring)
MPRegen 0.08/turn               (no ring)

@: no status effects
A: large, unfitting armour, claws 3, regeneration 1, shaggy fur 1, tough skin 1
a: Renounce Religion, Berserk, Trog's Hand


You were on level 2 of the Dungeon.
You worshipped Trog.
Trog was pleased with you.
You visited 1 branch of the dungeon, and saw 2 of its levels.

You collected 83 gold pieces.

Inventory:

Missiles
 c - 13 stones (quivered)
Armour
 a - a +0 animal skin (worn)
Scrolls
 b - 2 scrolls of identify {unknown}
 d - a scroll of enchant armour {unknown}
 e - a scroll of butterflies {unknown}
 g - a scroll of immolation {unknown}
 k - a scroll of teleportation {unknown}
Potions
 f - 3 potions of degeneration {unknown}
 h - 2 potions of heal wounds {unknown}
 i - a potion of curing {unknown}
 j - 2 potions of invisibility {unknown}
 l - a potion of attraction {unknown}
 m - 2 potions of might {unknown}


   Skills:
 + Level 3.2 Fighting
 - Level 3.0 Dodging
 + Level 4.0 Unarmed Combat


You had 3 spell levels left.
You didn't know any spells.
Your spell library was empty.

Dungeon Overview and Level Annotations

Branches:
Dungeon (2/15)

Altars:

Annotations:
D:2 Sigmund


Innate Abilities, Weirdness & Mutations

You are too large for most types of armour.
You have claws for hands.
Your natural rate of healing is unusually fast.
You are covered in fur. (AC +1)
You have tough skin. (AC +1)


Message History

Unknown command.
You claw something! Your claw misses something.
You hear some strange, mumbled words.
Something tries to affect you, but you resist.
You scratch something but do no damage.
You hear some strange, mumbled words.
Something tries to affect you, but you resist.
You scratch something but do no damage. Something hits you.
You closely miss something. You scratch something but do no damage.
You hear some strange, mumbled words.
You are confused.
Unknown command.
You completely miss something.
You hear some strange, mumbled words.
A puff of flame appears from out of thin air!
The puff of flame hits you!
You bump into the rock wall.
Something hits you.
You bump into the rock wall.
You barely miss something.
You hear some strange, mumbled words.
A magic dart appears from out of thin air!
The magic dart hits you!
You miss something. Something hits you.
Unknown command.
You are too confused!
Okay, then.
Unknown command.
Unknown command.
You are too confused!
You scratch something but do no damage.
You feel less confused.
You hear some strange, mumbled words.
A puff of flame appears from out of thin air!
The puff of flame hits you.
You barely miss something.
You hear a zap.
A bolt of dispelling energy appears from out of thin air!
The bolt of dispelling energy hits you!
You die...

#####
#########...## ####
..........#..# ...#
######.#....###...#
#.##.#.#......
#####.##.#.#......
#............)....
#.###..#.........#
#@# ##.###..##...#
#{# #.# #..# ####
#.# #.###..######
#.# #............
#.# ##.###..####.#
... ..# #..# #.#
#.# #.##..# #.#
#.## #.#..####.#
..# #..).))).#


There were no monsters in sight!

Vanquished Creatures
  Terence (D:2)
  Robin (D:2)
  A worm (D:2)
  2 dart slugs (D:2)
  6 bats
  4 endoplasms
  4 giant cockroaches
  11 goblins
  7 hobgoblins
  A quokka (D:1)
  A ball python (D:1)
  3 frilled lizards (D:1)
  A kobold (D:1)
  6 rats
49 creatures vanquished.

Notes
Turn   | Place    | Note
-------+----------+-------------------------------------------
     0 | D:1      | kevlar127 the Troll Berserker began the quest for the Orb.
     0 | D:1      | Reached XP level 1. HP: 22/22 MP: 0/0
   258 | D:1      | Reached XP level 2. HP: 29/29 MP: 1/1
   821 | D:2      | Noticed Terence
   828 | D:2      | Killed Terence
   829 | D:2      | Reached XP level 3. HP: 30/36 MP: 2/2
   865 | D:2      | Noticed Robin
   871 | D:2      | Reached ** piety under Trog
   875 | D:2      | Killed Robin
   885 | D:2      | Reached XP level 4. HP: 12/45 MP: 3/3
  1456 | D:2      | Reached skill level 4 in Unarmed Combat
  1569 | D:2      | Noticed Sigmund
  1588 | D:2      | Killed from afar by Sigmund

Illustrated notes

Levels and vault maps discovered:
D:1:      lightli_arrival_maybe_door_vault, layout_basic, minmay_pentomino_u4
D:2:      layout_loops_ring, uniq_sigmund, uniq_robin, uniq_terence

Skill      XL: |  1  2  3  4 |
---------------+-------------+-----
Fighting       | 3 |  3.2
Dodging        | 3 |  3.0
Unarmed Combat | 4 |  4.0

Action                   |  1- 3 |  4- 6 || total
-------------------------+-------+-------++-------
Melee: Unarmed           |    67 |    41 ||   108
       Punch             |     1 |       ||     1
Invok: Berserk           |       |     1 ||     1
Armor: Animal skin       |    15 |    10 ||    25
Dodge: Dodged            |    36 |    13 ||    49

Table legend: (Time is in decaauts)
 A = Elapsed time spent in this place.
 B = Non-inter-level travel time spent in this place.
 C = Inter-level travel time spent in this place.
 D = Time resting spent in this place.
 E = Time spent auto-exploring this place.
 F = Levels seen in this place.
 G = Mean time per level.
                   A        B        C        D        E       F      G
               +--------+--------+--------+--------+--------+-----+--------+
         Total |   1586 |   1545 |     41 |    326 |    966 |   2 |  793.0 |
       Dungeon |   1586 |   1545 |     41 |    326 |    966 |   2 |  793.0 |
               +--------+--------+--------+--------+--------+-----+--------+

Top non-repeatable levels by time:
     D:1: 812 daAuts
     D:2: 774 daAuts
